 Dungeon Crawl Stone Soup version 0.29-a0-1016-g236c7fd91e (webtiles) character file.

Game seed: 4139837742353424401

71 ytrimaz the Chopper (level 4, -2/35 HPs)
             Began as a Demonspawn Fighter on Aug 9, 2022.
             Slain by a goblin
             ... wielding a +0 club
             ... led by Robin
              (4 damage)
             ... on level 3 of the Dungeon.
             The game lasted 00:02:24 (2117 turns).

ytrimaz the Chopper (Demonspawn Fighter)            Turns: 2117, Time: 00:02:24

Health: -2/35      AC:  6    Str: 20    XL:     4   Next: 5%
Magic:  4/4        EV:  9    Int: 10    God:
Gold:   88         SH:  4    Dex: 12    Spells: 3/3 levels left

rFire   + + .      SeeInvis +   a - +0 war axe
rCold   . . .      Faith    .   c - +0 buckler
rNeg    . . .      Spirit   .   b - +0 scale mail
rPois   +          Reflect  .   (helmet restricted)
rElec   .          Harm     .   (no cloak)
rCorr   +          Rampage  .   (no gloves)
Will    .....                   (no boots)
Stlth   ..........              (no amulet)
HPRegen 0.11/turn               h - ring "Fyrurul" {+Blink rPois rF++ rCorr Str+2}
MPRegen 0.09/turn               q - ring of see invisible

@: no status effects
A: horns 1, demonic guardian 1, powered by pain 1
a: Evoke Blink


You were on level 3 of the Dungeon.
You visited 1 branch of the dungeon, and saw 3 of its levels.

You collected 88 gold pieces.

Inventory:

Hand Weapons
 a - a +0 war axe (weapon)
Armour
 b - a +0 scale mail (worn)
 c - a +0 buckler (worn)
Jewellery
 f - a +6 ring of intelligence
 g - a +6 ring of intelligence
 h - the ring "Fyrurul" (left hand) {+Blink rPois rF++ rCorr Str+2}
   (You acquired it on level 2 of the Dungeon)

   [ring of poison resistance]

   Str:       It affects your strength (+2).
   rF:        It greatly protects you from fire.
   rPois:     It protects you from poison.
   +Blink:    It lets you blink.
   rCorr:     It protects you from acid and corrosion.
 i - a ring of flight
 q - a ring of see invisible (right hand)
Scrolls
 l - a scroll of butterflies {unknown}
Potions
 d - a potion of might
 e - a potion of berserk rage {unknown}
 j - a potion of haste
 k - 2 potions of brilliance
 m - a potion of heal wounds {unknown}
 n - a potion of degeneration {unknown}
 o - 2 potions of curing {unknown}
 p - a potion of cancellation {unknown}


   Skills:
 - Level 3.0 Fighting
 + Level 4.0 Axes
 - Level 2.6 Armour
 - Level 2.6 Shields


You had 3 spell levels left.
You didn't know any spells.
Your spell library contained the following spells:

 Spells                   Type           Power      Damage    Failure   Level
 Dazzling Flash           Conj/Hex       0%         N/A       99%         3
 Cause Fear               Hex            0%         N/A       100%        4
 Agony                    Necr           0%         N/A       100%        5
 Freezing Cloud           Conj/Ice/Air   0%         6-21      100%        5
 Silence                  Hex/Air        0%         N/A       100%        5


Dungeon Overview and Level Annotations

Branches:
Dungeon (3/15)

Altars:
Ru

Annotations:
D:3 Robin


Innate Abilities, Weirdness & Mutations

You have a pair of small horns on your head.
A weak demonic guardian rushes to your aid.
You sometimes gain a little power by taking damage.


Message History

Robin throws the goblin at you!
There are monsters nearby!
There are monsters nearby!
The goblin attacks as you move away!
The goblin hits you but does no damage. 4 goblins and a hobgoblin come into view.
The goblin shouts! x2; The hobgoblin shouts!
The goblin hits you but does no damage. Robin throws the goblin at you!
You barely miss the goblin. You closely miss the goblin.
You barely miss the goblin. You slash the goblin!
You kill the goblin!
You barely miss the goblin. The goblin hits you with a +0 dagger.
You block the goblin's attack. The goblin barely misses you. x2
Robin throws the goblin at you!
Your Axes skill increases to level 4!
You hit the goblin but do no damage. x2; You slash the goblin!
You kill the goblin!
You miss the goblin. You hit the goblin.
The goblin hits you but does no damage. The goblin closely misses you.
The goblin barely misses you. You block the goblin's attack.
Robin throws the goblin at you! You block the hobgoblin's attack.
The goblin closely misses you. x2; The goblin hits you with a +0 club.
The goblin hits you but does no damage. The goblin hits you with a +0 club.
Robin roars a battlecry!
The goblins go into a battle-frenzy!
You closely miss the goblin. You slash the goblin!
You kill the goblin!
You hit the goblin. You barely miss the goblin. x2
You closely miss the hobgoblin. The hobgoblin closely misses you.
The goblin hits you with a +0 dagger. The goblin hits you with a +0 club. x3
Unknown command.
You closely miss the goblin. You barely miss the goblin.
You closely miss the goblin. You hit the goblin.
You kill the goblin!
You barely miss the goblin. You hit the hobgoblin. The hobgoblin hits you.
The goblin misses you. The goblin hits you with a +0 club.
* * * LOW HITPOINT WARNING * * *
The goblin hits you with a +0 dagger.
* * * LOW HITPOINT WARNING * * *
A demonic guardian appears!
The goblin hits you with a +0 club.
You die...

#. #.## #.# ###.#
#.# #...# ##.#
#.#.# ..# #.#.##
#.# #.#..## .
#.####.#...#
....###g)........#
......g@####.#.P.#
.....5ggg# #.#.P.#
...###.gg# #.#.P.#
.# #.g.# #.#.P.#
#.... #.#...#
##..........#
#.##.#.#.P.# ..#
.#


You could see Robin, 2 hobgoblins, 5 goblins and a friendly white imp
(summoned).

Vanquished Creatures
  An adder (D:2)
  A worm (D:2)
  2 ball pythons
  6 bats (D:1)
  5 endoplasms
  4 giant cockroaches
  9 goblins
  7 hobgoblins
  6 jackals (D:1)
  4 frilled lizards
  4 kobolds
  2 rats (D:1)
51 creatures vanquished.

Notes
Turn   | Place    | Note
-------+----------+-------------------------------------------
     0 | D:1      | ytrimaz the Demonspawn Fighter began the quest for the Orb.
     0 | D:1      | Reached XP level 1. HP: 18/18 MP: 1/1
    59 | D:1      | Reached skill level 2 in Axes
   126 | D:1      | Gained mutation: You sometimes gain a little power by
                  | taking damage. [demonic ancestry]
   126 | D:1      | Reached XP level 2. HP: 24/24 MP: 2/2
   382 | D:1      | Reached skill level 3 in Axes
   389 | D:1      | Got the Reference Book on Enchantment and Cold
   509 | D:1      | Found a faded altar of an unknown god.
   518 | D:1      | Gained mutation: A weak demonic guardian rushes to your
                  | aid. [demonic ancestry]
   518 | D:1      | Reached XP level 3. HP: 29/29 MP: 3/3
  1320 | D:2      | Identified a scroll of acquirement
  1320 | D:2      | Acquired the ring "Fyrurul" {+Blink rPois rF++ rCorr Str+2}
  2028 | D:3      | Found a sacrificial altar of Ru.
  2079 | D:3      | Gained mutation: You have a pair of small horns on your
                  | head. [demonic ancestry]
  2079 | D:3      | Reached XP level 4. HP: 33/35 MP: 4/4
  2112 | D:3      | Noticed Robin
  2115 | D:3      | Reached skill level 4 in Axes
  2117 | D:3      | Slain by a goblin

Illustrated notes

Levels and vault maps discovered:
D:1:      dpeg_arrival_signposts, layout_basic,
          hellmonk_ecumenical_altar_lost_god
D:2:      layout_basic, nicolae_concentric_dashed_squares_mild, st_stairs_10
D:3:      layout_loops_ring, grunt_temple_overflow_order_and_chaos_1,
          mainiacjoe_overflow_cross_hatched, mainiacjoe_overflow_boulevard,
          mainiacjoe_overflow_catwalk_spiral,
          nicolae_ru_great_annihilating_truth, uniq_robin

Skill      XL: |  1  2  3  4 |
---------------+-------------+-----
Axes           | 2 3 4 |  4.0
Fighting       | |  3.0
Armour         | |  2.6
Shields        | |  2.6

Action                   |  1- 3 |  4- 6 || total
-------------------------+-------+-------++-------
Melee: War axe           |   122 |     4 ||   126
 Abil: Evoke Blink       |     1 |       ||     1
  Use: Scroll            |     3 |       ||     3
 Stab: Paralysed         |     1 |       ||     1
Armor: Scale mail        |    75 |     5 ||    80
Dodge: Dodged            |    57 |     8 ||    65
Block: Buckler           |    40 |     3 ||    43

Table legend: (Time is in decaauts)
 A = Elapsed time spent in this place.
 B = Non-inter-level travel time spent in this place.
 C = Inter-level travel time spent in this place.
 D = Time resting spent in this place.
 E = Time spent auto-exploring this place.
 F = Levels seen in this place.
 G = Mean time per level.
                   A        B        C        D        E       F      G
               +--------+--------+--------+--------+--------+-----+--------+
         Total |   2164 |   2100 |     64 |      0 |   1724 |   3 |  721.3 |
       Dungeon |   2164 |   2100 |     64 |      0 |   1724 |   3 |  721.3 |
               +--------+--------+--------+--------+--------+-----+--------+

Top non-repeatable levels by time:
     D:1: 1263 daAuts
     D:2: 788 daAuts
     D:3: 113 daAuts
